 Dungeon Sprint DCSS version 0.26.1-2-gb8aa6d0cf2 (webtiles) character file.

Game seed: 8522372540143702246

6000000 Groucho the Axe Maniac (level 27, -31/273 HPs)
             Began as a Ghoul Abyssal Knight on Feb 15, 2021.
             Was the Champion of Makhleb.
             Annihilated by a meat berserker
             ... wielding a +9 battleaxe
              (34 damage)
             ... in the Dungeon (Sprint VIII: "Arena of Blood").
             The game lasted 00:07:42 (60 turns).

Groucho the Axe Maniac (Ghoul Abyssal Knight)         Turns: 60, Time: 00:07:43

Health: -31/273    AC:  6    Str: 20    XL:     27
Magic:  12/53      EV: 32    Int:  7    God:    Makhleb [******]
Gold:   0          SH:  0    Dex: 17    Spells: 80/80 levels left

rFire    . . .     SeeInvis .   h - +∞ Axe of Woe
rCold    + . .     Faith    .   (shield currently unavailable)
rNeg     + + +     Spirit   .   b - +0 leather armour
rPois    ∞         Reflect  .   (no helmet)
rElec    .         Harm     .   (no cloak)
rCorr    .         Rampage  .   (no gloves)
Will     ++...     NoTele   +   (no boots)
Stlth    +.........             (no amulet)
HPRegen  0.00/turn              l - +200 ring of slaying
MPRegen  0.33/turn              (no ring)

@: slowed, very slow
A: claws 1, cold resistance 1, negative energy resistance 3, inhibited
regeneration, torment resistance, unbreathing
a: Renounce Religion, Minor Destruction, Lesser Servant of Makhleb, Major
Destruction, Greater Servant of Makhleb


You were in the Dungeon.
You worshipped Makhleb.
Makhleb was exalted by your worship.
You visited 1 branch

Inventory:

Hand Weapons
 a - a +1 hand axe
 h - the +∞ Axe of Woe (weapon)
   (You found it in the Dungeon)
Armour
 b - a +0 leather armour (worn)
Jewellery
 i - a +30 ring of slaying
 j - a +30 ring of slaying
 k - a +100 ring of slaying
 l - a +200 ring of slaying (left claw)
Scrolls
 g - a scroll of blinking
Potions
 c - a potion of curing
 d - a potion of heal wounds
 e - a potion of haste
 f - 2 potions of magic


   Skills:
 O Level 27 Fighting
 O Level 27 Short Blades
 O Level 27 Long Blades
 O Level 27 Axes
 O Level 27 Maces & Flails
 O Level 27 Polearms
 O Level 27 Staves
 O Level 27 Bows
 + Level 18.5 Crossbows
 + Level 18.5 Throwing
 O Level 27 Armour
 O Level 27 Dodging
 O Level 27 Unarmed Combat
 O Level 27 Spellcasting
 O Level 27 Invocations


You had 80 spell levels left.
You didn't know any spells.
Your spell library was empty.

Dungeon Overview and Level Annotations

Branches:
Dungeon (1/1)

Altars:
Makhleb


Innate Abilities, Weirdness & Mutations

You thrive by killing the living.
You are immune to poison.
You have sharp fingernails.
Your flesh is cold resistant. (rC+)
You are immune to negative energy. (rN+++)
You do not regenerate when monsters are visible.
You are immune to unholy pain and torment.
You can survive without breathing.


Message History

Items here: )) ==.
Unknown command.
The eight-headed meat hydra roars!
The destroyer shouts!
You hear a shout! x4
The tyrant waves its bony arms in wide circles.
The air twists around and strikes you!!
You hear a shout!
The meat berserker hits you with a +9 battleaxe!
* * * LOW HITPOINT WARNING * * *
A bag of meat comes into view. It is wielding a +9 war axe.
You hear a shout!
The meat berserker hits you with a +9 battleaxe!!!
* * * LOW HITPOINT WARNING * * *
The tyrant casts a spell.
A bag of meat comes into view. It is wielding a +9 war axe. x2
The accursed gestures at you while chanting.
Something smites you!
* * * LOW HITPOINT WARNING * * *
A bag of meat comes into view. It is wielding a +9 war axe.
The meat berserker hits you with a +9 battleaxe!!
You die...

.... ..O. ...
....o #.. ...# .
#.. ..V# .
..###.o ...###..
.......###.......
......oO_........
#))@o.# #X)O._#
#XMo°.#
...XLo._..M.....
..X.LO###o......
..###.. ...###..
. #.o ...# . #.o
...# ... .....


You could see 2 accurseds, a tentacled monstrosity (summoned), 2 tyrants, a
destroyer, a large bag of meat (inner flame), 3 large abominations, 3 meat
berserkers and 9 bags of meat.

Vanquished Creatures
  A royal mummy (D)
  3 vampire knights (D)
  12 ogres (D)
  4 two-headed ogres (D)
  A lich (D)
  19 orcs (D)
  3 skeletal warriors (D)
  3 large abominations (D)
  4 crawling corpses (D)
50 creatures vanquished.

Vanquished Creatures (others)
  3 crawling corpses (D)
3 creatures vanquished.

Grand Total: 53 creatures vanquished

Notes
Turn   | Place    | Note
-------+----------+-------------------------------------------
     0 | D        | Found the +∞ Axe of Woe
     0 | D        | Groucho the Ghoul Abyssal Knight began the quest for the
                  | Orb.
     0 | D        | Reached XP level 1. HP: 19/19 MP: 1/1
     3 | D        | Noticed a meat berserker
     4 | D        | Fell from the grace of Lugonu
     4 | D        | Became a worshipper of Makhleb the Destroyer
     5 | D        | Noticed a bag of meat
     7 | D        | Killed a meat berserker
     8 | D        | Reached XP level 2. HP: 66/66 MP: 1/8
     8 | D        | Reached XP level 3. HP: 73/73 MP: 1/9
     8 | D        | Reached XP level 4. HP: 82/82 MP: 1/11
     8 | D        | Reached XP level 5. HP: 90/90 MP: 1/12
     8 | D        | Reached XP level 6. HP: 97/97 MP: 1/14
     8 | D        | Reached XP level 7. HP: 105/105 MP: 1/15
     8 | D        | Reached XP level 8. HP: 114/114 MP: 1/16
     8 | D        | Reached XP level 9. HP: 122/122 MP: 1/17
     8 | D        | Reached XP level 10. HP: 130/130 MP: 1/18
     8 | D        | Reached XP level 11. HP: 137/137 MP: 1/19
     8 | D        | Reached XP level 12. HP: 146/146 MP: 1/20
     8 | D        | Reached XP level 13. HP: 154/154 MP: 1/21
    10 | D        | Killed a bag of meat
    10 | D        | Reached * piety under Makhleb
    11 | D        | Reached XP level 14. HP: 162/162 MP: 1/22
    11 | D        | Noticed a bag of meat
    11 | D        | Noticed a bag of meat
    13 | D        | Noticed a bag of meat
    14 | D        | Noticed a large bag of meat
    15 | D        | Noticed a bag of meat
    17 | D        | Noticed a meat berserker
    17 | D        | Noticed a meat berserker
    18 | D        | Killed a bag of meat
    18 | D        | Noticed a bag of meat
    18 | D        | Noticed a bag of meat
    18 | D        | Noticed a meat berserker
    18 | D        | Noticed a bag of meat
    19 | D        | Noticed a meat berserker
    20 | D        | Killed a meat berserker
    20 | D        | Killed a bag of meat
    20 | D        | Reached ** piety under Makhleb
    21 | D        | Reached XP level 15. HP: 170/170 MP: 3/23
    21 | D        | Reached XP level 16. HP: 178/178 MP: 3/24
    21 | D        | Killed a meat berserker
    23 | D        | Reached XP level 17. HP: 185/185 MP: 3/25
    23 | D        | Noticed a large bag of meat
    23 | D        | Noticed a large bag of meat
    23 | D        | Noticed a meat berserker
    24 | D        | Killed a meat berserker
    24 | D        | Reached *** piety under Makhleb
    25 | D        | Reached skill level 27 in Axes
    25 | D        | Reached skill level 27 in Dodging
    25 | D        | Reached skill level 27 in Fighting
    25 | D        | Reached XP level 18. HP: 200/200 MP: 3/26
    25 | D        | Killed a large bag of meat
    26 | D        | Killed a large bag of meat
    26 | D        | Reached **** piety under Makhleb
    26 | D        | Killed a meat berserker
    27 | D        | Reached skill level 27 in Armour
    27 | D        | Reached skill level 15 in Unarmed Combat
    27 | D        | Reached XP level 19. HP: 164/207 MP: 4/31
    28 | D        | Noticed a meat berserker
    29 | D        | Noticed a destroyer
    30 | D        | Reached ***** piety under Makhleb
    31 | D        | Reached XP level 20. HP: 200/216 MP: 4/35
    31 | D        | Noticed a meat berserker
    31 | D        | Killed a meat berserker
    31 | D        | Killed a meat berserker
    31 | D        | Noticed a large bag of meat
    32 | D        | Reached skill level 27 in Unarmed Combat
    32 | D        | Reached skill level 27 in Invocations
    33 | D        | Killed a meat berserker
    34 | D        | Reached XP level 21. HP: 209/224 MP: 5/43
    34 | D        | Killed a large bag of meat
    35 | D        | Noticed a meat berserker
    36 | D        | Reached XP level 22. HP: 210/233 MP: 5/51
    37 | D        | Killed a destroyer
    37 | D        | Reached ****** piety under Makhleb
    38 | D        | Reached skill level 27 in Spellcasting
    38 | D        | Noticed a destroyer
    40 | D        | Reached XP level 23. HP: 229/240 MP: 6/53
    40 | D        | Killed a large bag of meat
    41 | D        | Killed a destroyer
    42 | D        | Reached skill level 27 in Short Blades
    42 | D        | Reached skill level 27 in Long Blades
    42 | D        | Reached skill level 15 in Maces & Flails
    42 | D        | Reached skill level 15 in Polearms
    42 | D        | Reached XP level 24. HP: 238/249 MP: 6/53
    44 | D        | Noticed a destroyer
    46 | D        | Killed a destroyer
    47 | D        | Reached XP level 25. HP: 257/257 MP: 8/53
    48 | D        | Noticed an accursed
    48 | D        | Noticed a tyrant
    48 | D        | Noticed an accursed
    49 | D        | Reached skill level 27 in Maces & Flails
    49 | D        | Reached skill level 27 in Polearms
    49 | D        | Killed a tyrant
    50 | D        | Reached skill level 15 in Staves
    50 | D        | Noticed a tyrant
    53 | D        | Killed an accursed
    54 | D        | Reached skill level 27 in Staves
    54 | D        | Reached XP level 26. HP: 266/266 MP: 9/53
    54 | D        | Noticed an accursed
    56 | D        | Reached skill level 27 in Bows
    57 | D        | Reached XP level 27. HP: 257/273 MP: 10/53
    58 | D        | Noticed a tyrant
    59 | D        | Noticed a large bag of meat
    59 | D        | Noticed a large bag of meat
    59 | D        | Noticed a destroyer
    60 | D        | HP: 3/273 [accursed/divine providence (13)]
    60 | D        | Annihilated by a meat berserker

Illustrated notes

Levels and vault maps discovered:
D:        meatsprint

Skill      XL: |  1  2  3  4  5  6  7  8  9 10 11 12 13 14 15 16 17 18 19 20 21 22 23 24 25 26 27 |
---------------+----------------------------------------------------------------------------------+-----
Fighting       | 25 27 | 27.0
Axes           | 13 16 22 26 27 | 27.0
Armour         | 12 16 27 | 27.0
Dodging        | 3 11 20 24 27 | 27.0
Invocations    | 12 19 24 27 | 27.0
Unarmed Combat | 15 22 27 | 27.0
Short Blades   | 13 24 27 | 27.0
Long Blades    | 13 24 27 | 27.0
Spellcasting   | 19 26 27 | 27.0
Maces & Flails | 15 26 27 | 27.0
Polearms       | 15 26 27 | 27.0
Staves         | 27 | 27.0
Bows           | 20 27 | 27.0
Crossbows      | 16 18 | 18.5
Throwing       | 16 18 | 18.5

Action                   |  1- 3 |  4- 6 |  7- 9 | 10-12 | 13-15 | 16-18 | 19-21 | 22-24 | 25-27 || total
-------------------------+-------+-------+-------+-------+-------+-------+-------+-------+-------++-------
Melee: Executioner's axe |     1 |       |       |       |     3 |     5 |     7 |    10 |     8 ||    34
